 Dungeon Crawl Stone Soup version 0.21-a0-42-gb537e02 (webtiles) character file.

512 KristoblXynda the Charlatan (level 6, -3/47 HPs)
             Began as a Draconian Artificer on June 5, 2017.
             Slain by a centaur skeleton (4 damage)
             ... on level 5 of the Dungeon.
             The game lasted 00:09:07 (3905 turns).

KristoblXynda the Charlatan (Draconian Artificer)   Turns: 3905, Time: 00:09:08

Health: -3/47      AC:  7    Str: 16    XL:     6   Next: 99%
Magic:  9/9        EV: 13    Int: 12    God:
Gold:   267        SH:  0    Dex: 11    Spells: 5/5 levels left

rFire    . . .     SeeInvis .   h - +2 dagger (venom)
rCold    . . .     Gourm    .   (no shield)
rNeg     . . .     Faith    .   (armour unavailable)
rPois    .         Spirit   .   (helmet restricted)
rElec    .         Reflect  .   (no cloak)
rCorr    .         Harm     .   (no gloves)
MR       .....                  w - +0 pair of boots
Stlth    +.........             (no amulet)
Regen    0.2/turn               (no ring)
MPRegen  0.2/turn               (no ring)

@: no status effects
A: unfitting armour, cold-blooded, AC +6
a: no special abilities


You were on level 5 of the Dungeon.
You were hungry.

You visited 1 branch of the dungeon, and saw 5 of its levels.
You also visited: Sewer.

You collected 267 gold pieces.

Inventory:

Hand Weapons
 e - a +2 short sword of venom
 h - a +2 dagger of venom (weapon)
 v - a +0 lajatang
Armour
 q - a +1 shield
 w - a +0 pair of boots (worn)
Wands
 b - a wand of flame (14/48)
 c - a wand of enslavement (15/24)
 d - a wand of random effects (15/48)
 p - a wand of lightning (5/15)
Scrolls
 g - a scroll of magic mapping {unknown}
 n - a scroll of random uselessness {unknown}
 o - a scroll of fear {unknown}
 s - a scroll of remove curse
 t - a scroll of identify
Potions
 a - a potion of berserk rage {unknown}
 i - a potion of brilliance
 j - 6 potions of heal wounds
 k - 2 potions of flight {unknown}
 m - 2 potions of agility
 u - a potion of lignification {unknown}
Comestibles
 f - a bread ration
 l - 3 fruits
 r - 3 meat rations
 z - a royal jelly


   Skills:
 - Level 1.1 Fighting
 + Level 4.4 Short Blades
 + Level 4.1 Dodging
 - Level 0.8 Stealth
 + Level 5.1 Evocations


You had 5 spell levels left.
You didn't know any spells.

Dungeon Overview and Level Annotations

Branches:
Dungeon (5/15)
 Temple: D:4-7

Altars:
Cheibriados
Elyvilon
Gozag
Nemelex Xobeh
Okawaru
Qazlal
Trog


Innate Abilities, Weirdness & Mutations

Your plain brown scales are hard. (AC +6)
You cannot fit into any form of body armour.
You are cold-blooded and may be slowed by cold attacks.


Message History

You now have 267 gold pieces (gained 3).
The ice beast hits you. The ice beast freezes you!
* * * LOW HITPOINT WARNING * * *
The ice beast barely misses you.
You feel yourself speed up.
Your surroundings suddenly seem different.
You start resting.
A bullfrog skeleton is nearby!
A centaur skeleton comes into view.
There are monsters nearby!
Found 3 fruits and a scale mail.
Found a scroll of teleportation.
A shadow imp comes into view.
The shadow imp shouts!
The centaur skeleton hits you.
* * * LOW HITPOINT WARNING * * *
An orc comes into view.
The orc priest shouts!
The centaur skeleton hits you.
You die...

....? .#..#
....# [
###...# #.
##......#
...###..#...
#.%...##Z###.#
#....Z@...#
#....####..5.o
#..### ..o
#.## .. # ...#
## ..## ##...
... ..# ..##
..( #.# ####
### .##.#
#.##...#
...>.##..#...#


You could see an orc priest, a shadow imp, an orc (wandering), a bullfrog
skeleton and a centaur skeleton.

Vanquished Creatures
  An ogre (D:4)
  A crocodile (Sewer)
  Natasha (thrice) (D:2)
  4 worker ants (D:4)
  7 adders
  A shadow imp (D:5)
  An ooze (D:2)
  An adder skeleton (D:4)
  A worm (D:4)
  4 dart slugs
  4 leopard geckos
  3 orcs
  A bat zombie (D:1)
  5 giant cockroaches (D:3)
  7 hobgoblins
  7 jackals
  3 quokkas
  8 bats
  3 frilled lizards
  10 goblins
  8 kobolds
  A leopard gecko skeleton (D:4)
  A leopard gecko zombie (D:1)
  A quokka skeleton (D:4)
  6 rats
92 creatures vanquished.

Notes
Turn   | Place    | Note
-------+----------+-------------------------------------------
     0 | D:1      | KristoblXynda the Draconian Artificer began the quest for the Orb.
     0 | D:1      | Reached XP level 1. HP: 16/16 MP: 3/3
   193 | D:1      | Reached XP level 2. HP: 18/23 MP: 4/4
   890 | D:2      | Reached XP level 3. HP: 9/28 MP: 5/5
   966 | D:2      | HP: 1/28 [poisoned by an adder]
  1222 | D:2      | Noticed Natasha
  1233 | D:2      | Killed Natasha
  1233 | D:2      | Reached XP level 4. HP: 7/35 MP: 6/6
  1571 | D:2      | Found a sparkling altar of Nemelex Xobeh.
  1572 | D:2      | Found an opulent altar of Gozag.
  1644 | D:2      | Noticed Natasha
  1652 | D:2      | Killed Natasha
  1793 | D:2      | Found a snail-covered altar of Cheibriados.
  1874 | D:2      | Noticed Natasha
  1882 | D:2      | Killed Natasha
  1918 | D:2      | Reached skill level 4 in Evocations
  1918 | D:2      | Reached XP level 5. HP: 32/40 MP: 6/8
  2032 | D:3      | Found a glowing drain.
  2062 | Sewer    | Entered a sewer
  2124 | Sewer    | Noticed a crocodile
  2139 | Sewer    | Killed a crocodile
  2326 | D:3      | Found an iron altar of Okawaru.
  2412 | D:3      | Found a white marble altar of Elyvilon.
  2416 | D:3      | Reached XP level 6. HP: 37/47 MP: 9/9
  2643 | D:3      | Found a stormy altar of Qazlal.
  3511 | D:4      | Found a bloodstained altar of Trog.
  3664 | D:4      | Reached skill level 5 in Evocations
  3853 | D:5      | Entered Level 5 of the Dungeon
  3857 | D:5      | Noticed an ice beast
  3873 | D:5      | HP: 2/47 [ice beast (13)]
  3904 | D:5      | HP: 1/47 [centaur skeleton (6)]
  3905 | D:5      | Slain by a centaur skeleton

Vault maps used:
D:1:      saegor_arrival_fortress
D:2:      grunt_temple_overflow_opulence, lemuel_coloured_pillars_altar,
          grunt_ministairs_6, uniq_natasha
D:3:      kennysheep_okawaru_gauntlet, elyvilon_altar_3, portal_sewer_entry_f,
          grunt_qazlal_clouds
D:4:      lightli_temple_of_fire
D:5:      minmay_temple_entry_junction, first_bread
Sewer:    sewer_big_baddie

Skill      XL: |  1  2  3  4  5  6 |
---------------+-------------------+-----
Dodging        | 2 3 4 |  4.1
Short Blades   | 2 3 4 |  4.4
Evocations     | 4 5 |  5.1
Fighting       | |  1.1
Stealth        | |  0.8

Action                   |  1- 3 |  4- 6 || total
-------------------------+-------+-------++-------
Melee: Short sword       |    25 |       ||    25
       Tailslap          |    11 |    28 ||    39
       Dagger            |    64 |   190 ||   254
Evoke: Wand              |       |     1 ||     1
  Use: Potion            |     1 |       ||     1
       Scroll            |       |     8 ||     8
 Stab: Sleeping          |     1 |     2 ||     3
  Eat: Chunk             |     1 |     7 ||     8
       Fruit             |       |     1 ||     1
Armor: Skin              |    31 |    49 ||    80
Dodge: Dodged            |    51 |   155 ||   206
